 Dungeon Crawl Stone Soup version 0.26.0-45-g9c1d065592 (webtiles) character file.

Game seed: 2974067098662606514

24 sahdkjhfkaj the Grave Robber (level 3, -7/24 HPs)
             Began as a Human Necromancer on Jan 28, 2021.
             Mangled by Sigmund
             ... wielding a +0 scythe
              (13 damage)
             ... on level 2 of the Dungeon.
             The game lasted 00:02:40 (2317 turns).

sahdkjhfkaj the Grave Robber (Human Necromancer)    Turns: 2317, Time: 00:02:41

Health: -7/24      AC:  2    Str:  8    XL:     3   Next: 15%
Magic:  0/7        EV: 12    Int: 16    God:
Gold:   83         SH:  0    Dex: 13    Spells: 4/8 levels left

rFire    . . .     SeeInvis .   (no weapon)
rCold    . . .     Faith    .   (no shield)
rNeg     . . .     Spirit   .   a - +0 robe
rPois    .         Reflect  .   (no helmet)
rElec    .         Harm     .   (no cloak)
rCorr    .         Rampage  .   (no gloves)
Will     .....                  (no boots)
Stlth    +.........             (no amulet)
HPRegen  0.08/turn              (no ring)
MPRegen  0.10/turn              (no ring)

@: confused, mighty
A: no striking features
a: no special abilities


You were on level 2 of the Dungeon.
You visited 1 branch of the dungeon, and saw 2 of its levels.

You collected 83 gold pieces.

Inventory:

Armour
 a - a +0 robe (worn)
Jewellery
 g - a cursed -4 ring of evasion {unknown}
Scrolls
 b - a scroll of teleportation {!r}
 e - a scroll of magic mapping
 f - a scroll of identify
 j - a scroll of fog {unknown}
Potions
 c - a potion of attraction {unknown}
 d - a potion of curing {unknown}
 h - a potion of might
 i - a potion of invisibility {unknown}


   Skills:
 - Level 2.0 Dodging
 - Level 2.0 Stealth
 + Level 3.2 Spellcasting
 - Level 4.0 Necromancy


You had 4 spell levels left.
You knew the following spells:

 Your Spells              Type           Power        Failure   Level
a - Pain                  Necr           60%          3%          1
q - Vampiric Draining     Necr           7%           11%         3

Your spell library contained the following spells:

 Spells                   Type           Power        Failure   Level
 Animate Skeleton         Necr           30%          3%          1
 Animate Dead             Necr           7%           34%         4
 Agony                    Necr           15%          69%         5


Dungeon Overview and Level Annotations

Branches:
Dungeon (2/15)

Altars:

Annotations:
D:2 Sigmund


Message History

* * * LOW HITPOINT WARNING * * *
Casting: Vampiric Draining (quite dangerous; 11% risk of failure)
Confirm with . or Enter, or press ? or * to list all spells.
The spell is quite dangerous to cast (11% risk of failure)!
Continue anyway?
Aiming: Vampiric Draining (quite dangerous; 11% risk of failure)
Press: ? - help, Shift-Dir - straight line, f/p - Sigmund
Aim: Sigmund, wielding a +0 scythe and wearing a +0 robe (heavily wounded) Sigmund is almost dead.
You feel life coursing into your body.
You hit Sigmund but do no damage.
Sigmund is almost dead.
Sigmund closely misses you. Sigmund looks at you with fury.
Sigmund casts a spell at you.
You are confused.
It was a potion of might.
You feel very mighty all of a sudden.
Sigmund hits you from afar with a +0 scythe!
Ouch! That really hurt!
You die...

### #.# #.#
#.###########
#....@.....[#
#.#########.#
#.#.......#.#
#.#.#####.#.#
#.@<@.....#.#
###########.#
#.# #.# #.#
#.# #.# ..$
.#..#


You could see Sigmund.

Vanquished Creatures
  A dart slug (D:1)
  A giant cockroach (D:1)
  4 goblins (D:1)
  4 hobgoblins (D:1)
  A kobold (D:1)
  5 bats (D:1)
  2 frilled lizards (D:1)
  2 rats (D:1)
20 creatures vanquished.

Notes
Turn   | Place    | Note
-------+----------+-------------------------------------------
     0 | D:1      | sahdkjhfkaj the Human Necromancer began the quest for the
                  | Orb.
     0 | D:1      | Reached XP level 1. HP: 13/13 MP: 3/3
   458 | D:1      | Reached XP level 2. HP: 18/19 MP: 2/5
  1413 | D:1      | Reached XP level 3. HP: 21/24 MP: 4/7
  1862 | D:2      | Noticed Sigmund
  2132 | D:1      | Learned a level 3 spell: Vampiric Draining
  2317 | D:2      | Mangled by Sigmund

Illustrated notes

Levels and vault maps discovered:
D:1:      psy_arrival_basics, layout_basic, kennysheep_minor_cross,
          minmay_pentomino_z4
D:2:      layout_basic, amcnicky_mini_rare_corridor_liquid, uniq_sigmund

Skill      XL: |  1  2 |
---------------+-------+-----
Spellcasting   | 3 |  3.2
Dodging        | |  2.0
Stealth        | |  2.0
Necromancy     | |  4.0

Action                   || total
-------------------------++-------
Melee: Unarmed           ||    45
 Cast: Pain              ||    43
       Vampiric Draining ||     5
  Use: Scroll            ||     3
       Potion            ||     1
Armor: Robe              ||    16
Dodge: Dodged            ||    49
